Map: King's Cove LE

Players

wootwoot - Winner!

  • Race: Zerg Zerg
  • League: Diamond
  • Spawn Location: 5:00

Archangelst

  • Race: Terran Terran
  • League: Diamond
  • Spawn Location: 11:00

VOD

Have the link to the VOD?

Description

Time

  • Played on: April 2, 2025, 5:35 p.m.
  • Length: 3:50
Show
View Real Time Build Order
Export as new Build Order

wootwoot Zerg - Winner!

Build Orders: Hatch First 

Get SALT Encoding   

  12  0:00  Drone  
  13  0:12  Overlord  
  13  0:17  Drone  
  14  0:30  Drone x2  
  16  0:56  Hatchery, Drone x2  
  17  0:59  Drone  
  17  1:02  Extractor  
  17  1:16  Spawning Pool  
  16  1:19  Drone  
  16  1:23  Drone  
  18  1:30  Drone  
  19  1:41  Overlord  
  19  2:05  Metabolic Boost  
  19  2:07  Queen x2  
  23  2:09  Zergling x2  
  23  2:12  Zergling x2  
  23  2:15  Zergling x2  
  26  2:19  Zergling x2  
  26  2:22  Zergling x2  
  28  2:25  Zergling x2  
  28  2:29  Zergling x2  
  30  2:34  Zergling x2  
  29  2:45  Zergling x2  
  30  2:53  Zergling x2  
  30  2:59  Zergling x2  
  30  3:03  Zergling x2  
  32  3:07  Zergling x2  
  33  3:14  Overlord  
  33  3:20  Zergling x2  
  34  3:27  Drone  
  34  3:28  Baneling Nest  
  34  3:30  Drone  
Show
View Real Time Build Order
Export as new Build Order

Archangelst Terran 

Build Orders:  

Get SALT Encoding   

  12  0:00  SCV  
  13  0:12  SCV  
  14  0:21  Supply Depot  
  14  0:25  SCV  
  16  0:42  SCV  
  16  1:06  SCV, Barracks  
  17  1:11  Barracks  
  17  1:15  Barracks  
  17  1:18  SCV  
  18  1:31  SCV  
  19  1:33  Refinery  
  19  1:44  SCV  
  20  1:47  Supply Depot  
  20  1:55  Marine  
  20  1:57  Orbital Command  
  20  2:00  Marine  
  22  2:03  Marine  
  23  2:13  Marine  
  24  2:21  Bunker  
  24  2:24  Marine  
  24  2:25  Marine  
  26  2:30  SCV  
  26  2:32  Marine  
  28  2:40  Supply Depot  
  28  2:42  SCV  
  26  2:59  SCV, Marine  
  29  3:11  SCV  
  28  3:13  Refinery  
  28  3:14  Factory  
  28  3:17  Marine  
  29  3:30  Command Center  
  29  3:33  SCV  
Tags
 
Matchup
TvZ
Replay Pack
B2M-Replays
Spawn Locations
Cross Positions
Add a new tag
Caveats
  • Supply blocks, unpowered buildings, or Contaminate may cause inaccurate times.
  • Supply counts are checked every 10 seconds.